 Dungeon Crawl Stone Soup version 0.29.0-11-gd7f09526c8 (webtiles) character file.

Game seed: 2870299285546826213

6848 greenreed the Thaumaturge (level 10, -4/74 HPs)
             Began as a Pale Draconian Earth Elementalist on Sept 5, 2022.
             Was an Elder of Hepliaklqana.
             Slain by a vampire (11 damage)
             ... on level 10 of the Dungeon.
             The game lasted 00:25:56 (8196 turns).

greenreed the Thaumaturge (DrEE)                    Turns: 8196, Time: 00:25:56

Health: -4/74      AC: 13    Str:  6    XL:     10   Next: 78%
Magic:  24/25      EV: 12    Int: 29    God:    Hepliaklqana [****..]
Gold:   648        SH:  0    Dex: 11    Spells: 25/32 levels left

rFire   + + .      SeeInvis .   d - +7 short sword of Balance {vorpal, rF+++ rCorr Str-5 Int+4}
rCold   . . .      Faith    .   (no shield)
rNeg    . . .      Spirit   .   (body armour unavailable)
rPois   .          Reflect  .   (helmet restricted)
rElec   .          Harm     .   h - +0 cloak
rCorr   +          Rampage  .   (no gloves)
Will    .....                   m - +4 pair of boots "Kugiq" {+Inv rF- Int+5 Slay+3}
Stlth   ++........              C - amulet of magic regeneration
HPRegen 0.22/turn               (no ring)
MPRegen 0.59/turn               (no ring)

@: no status effects
A: reduced essence, breathe steam, AC +7, unfitting armour, cold-blooded, steam
resistance
a: Breathe Steam, Renounce Religion, Evoke Invisibility, Recall Ancestor,
Ancestor Identity, Transference, Idealise


You were on level 10 of the Dungeon.
You worshipped Hepliaklqana.
Hepliaklqana was greatly pleased with you.
You visited 2 branches of the dungeon, and saw 11 of its levels.

You collected 708 gold pieces.
You spent 60 gold pieces at shops.

Inventory:

Hand Weapons
 b - a +0 dagger
 d - the +7 short sword of Balance (weapon) {vorpal, rF+++ rCorr Str-5 Int+4}
   (You found it on level 2 of the Dungeon)

   It inflicts extra damage upon your enemies.
   Str:       It affects your strength (-5).
   Int:       It affects your intelligence (+4).
   rF:        It renders you almost immune to fire.
   rCorr:     It protects you from acid and corrosion.
Missiles
 u - 10 poisoned darts
 I - 2 throwing nets
Armour
 h - a +0 cloak (worn)
 m - the +4 pair of boots "Kugiq" (worn) {+Inv rF- Int+5 Slay+3}
   (You found it on level 2 of the Dungeon)

   Int:       It affects your intelligence (+5).
   Slay:      It affects your accuracy & damage with ranged weapons and melee
   (+3).
   rF:        It makes you vulnerable to fire.
   +Inv:      It lets you turn invisible.
Magical Staves
 g - a staff of death
Jewellery
 C - an amulet of magic regeneration (around neck)
 D - a ring of ice
Wands
 r - a wand of charming (5)
 t - a wand of polymorph (22)
 v - a wand of quicksilver (23)
 z - a wand of mindburst (4)
 B - a wand of roots (24)
 G - a wand of flame (42)
 M - a wand of digging (9)
Scrolls
 e - 9 scrolls of teleportation
 f - 2 scrolls of fear
 i - 4 scrolls of noise
 p - 2 scrolls of blinking {unknown}
 q - 2 scrolls of torment
 y - a scroll of vulnerability {unknown}
 H - 2 scrolls of identify
 J - 4 scrolls of enchant armour {unknown}
 L - a scroll of amnesia {unknown}
Potions
 a - 3 potions of magic
 c - 7 potions of curing
 j - 3 potions of cancellation
 k - 3 potions of heal wounds
 l - a potion of mutation {unknown}
 n - 2 potions of brilliance
 o - a potion of might {unknown}
 s - 2 potions of haste
 w - a potion of attraction {unknown}
 x - 2 potions of berserk rage {unknown}
 A - a potion of experience {unknown}
 E - a potion of lignification {unknown}
 F - a potion of flight {unknown}
 K - a potion of ambrosia {unknown}


   Skills:
 * Level 5.8 Fighting
 + Level 0.1 Short Blades
 + Level 2.0 Dodging
 + Level 3.2 Stealth
 * Level 11.9 Spellcasting
 + Level 0.6 Conjurations
 + Level 1.0 Transmutations
 + Level 9.0 Earth Magic


You had 25 spell levels left.
You knew the following spells:

 Your Spells              Type           Power      Damage    Failure   Level
a - Sandblast             Erth           100%       2d20      1%          1
b - Passwall              Tmut/Erth      38%        N/A       1%          2
c - Stone Arrow           Conj/Erth      90%        3d12      1%          3
d - Summon Small Mammal   Summ           68%        N/A       3%          1

Your spell library contained the following spells:

 Spells                   Type           Power      Damage    Failure   Level
 Apportation              Tloc           34%        N/A       3%          1
 Freeze                   Ice            68%        1d8       3%          1
 Necrotise                Necr           68%        1d7       3%          1
 Wereblood                Tmut           23%        N/A       3%          2
 Petrify                  Tmut/Erth      46%        N/A       3%          4
 Sublimation of Blood     Necr           17%        N/A       4%          2
 Conjure Flame            Conj/Fire      19%        6-21      9%          3
 Ignite Poison            Fire/Tmut/Pois 19%        N/A       9%          3
 Frozen Ramparts          Ice            34%        1d6       10%         3
 Ozocubu's Armour         Ice            17%        N/A       10%         3
 Hailstorm                Conj/Ice       19%        3d6       26%         4
 Sticky Flame             Conj/Fire      19%        2d4       26%         4
 Ozocubu's Refrigeration  Ice            8%         4d9       100%        7
 Summon Hydra             Summ           8%         N/A       100%        7


Dungeon Overview and Level Annotations

Branches:
Dungeon (10/15)            Temple (1/1) D:5
   Lair: D:8-11         Orc: D:9-12

Altars:
Ashenzari
Cheibriados
Dithmenos
Elyvilon
Fedhas
Gozag
Hepliaklqana
Kikubaaqudgha
Makhleb
Okawaru
Qazlal
Sif Muna
Trog
Uskayaw
Vehumet
Wu Jian
Xom
Zin
The Shining One

Shops:
D:2 ?

Portals:
Trove: D:10 (give +3 gold dragon scales)

Annotations:
D:4 3 runed translucent doors, Thoth777's ghost, amateur TrBe


Innate Abilities, Weirdness & Mutations

Your life essence is reduced to manifest your ancestor. (-10% HP)
You can breathe blasts of scalding, opaque steam.
Your pale cyan-grey scales are hard. (AC +7)
You cannot fit into any form of body armour.
You are cold-blooded and may be slowed by cold attacks.
You are immune to the effects of steam.


Message History

Press: ? - help, Shift-Dir - straight line You exhale a blast of scalding steam.
Sagil-Zimu avoids your attack. Something hits you! Something bites you.
Something draws strength from your injuries!
Sagil-Zimu hits something with a +0 flail!
You barely miss something.
You hear some strange, mumbled words.
Something tries to affect you, but you resist.
Sagil-Zimu closely misses something.
You miss something. Something hits you. Something bites you.
Something draws strength from your injuries!
Sagil-Zimu closely misses something.
You hit something.
Your tail-slap misses something.
Something draws life force from you!!
Sagil-Zimu closely misses something.
You puncture something! Something hits you!
Something bites you but does no damage.
Sagil-Zimu hits something with a +0 flail.
Something hits you but does no damage. Something bites you.
* * * LOW HITPOINT WARNING * * *
Something draws strength from your injuries!
You feel better. Something hits you.
* * * LOW HITPOINT WARNING * * *
Something bites you.
* * * LOW HITPOINT WARNING * * *
Something draws strength from your injuries!
Sagil-Zimu misses something.
You have got your breath back.
Casting: Sandblast (safe; 1% risk of failure)
Confirm with . or Enter, or press ? or * to list all spells.
Aiming: Passwall (safe; 1% risk of failure)
Press: ? - help, Dir - move target A rock wall.
This rock feels extremely deep.
Something hits you but does no damage. Something bites you but does no damage.
Sagil-Zimu hits something with a +0 flail.
Something draws life force from you!
* * * LOW HITPOINT WARNING * * *
Sagil-Zimu misses something.
Something hits you!
You die...

######.### #.#
##.∩.##.######.#
##.....##....##.#
#..8.8..####.##.####
#.......# #<##....#
#..8.8..# #.....###
###.....## #.###.#
##.##...######.# #.#
#...##'##.@....# #.#
#R#........##### #.#
#.########R# #.# #.#
#.# #.# #.# #.# #.#
#.# #.# #.# #.# ##.#
#.# #<.# #.# #..#


You could see the friendly Sagil-Zimu the knight.

Vanquished Creatures
  2 two-headed ogres
  A kobold demonologist (D:9)
  A guardian mummy (D:10)
  A wyvern (D:7)
  9 yaks (D:9)
  A steam dragon (D:8)
  Menkaure (D:7)
  2 orc warriors
  4 ice beasts
  2 black bears
  2 centaurs
  2 ogres
  2 phantoms
  A bullfrog (D:7)
  A scorpion (D:4)
  4 wights (D:9)
  3 killer bees (D:8)
  3 howler monkeys
  A jelly (D:4)
  3 orc priests
  3 hounds
  A gnoll bouda (D:9)
  Ijyb (D:5)
  2 iguanas
  6 orc wizards
  5 gnolls (D:9)
  7 adders
  A shadow imp (D:8)
  A white imp (D:5)
  An ufetubus (D:4)
  33 orcs
  2 bats
  6 endoplasms
  2 giant cockroaches
  8 goblins
  4 hobgoblins
  3 jackals (D:4)
  A quokka (D:4)
  A ball python (D:3)
  2 frilled lizards (D:1)
  7 kobolds
  2 rats (D:1)
145 creatures vanquished.

Vanquished Creatures (collateral kills)
  A kobold demonologist (D:9)
  A shadow (D:9)
  A yak (D:9)
  Edmund (D:5)
  An orc warrior (D:8)
  A phantom (D:5)
  A bullfrog (D:8)
  A scorpion (D:6)
  2 orc priests
  2 orcs
  A kobold (D:4)
13 creatures vanquished.

Vanquished Creatures (others)
  A knight (D:9)
  20 fungi (D:8)
21 creatures vanquished.

Grand Total: 179 creatures vanquished

Notes
Turn   | Place    | Note
-------+----------+-------------------------------------------
     0 | D:1      | greenreed the Draconian Earth Elementalist began the quest
                  | for the Orb.
     0 | D:1      | Reached XP level 1. HP: 14/14 MP: 3/3
   394 | D:1      | Reached XP level 2. HP: 20/20 MP: 3/5
   452 | D:1      | Found a faded altar of an unknown god.
   528 | D:1      | Learned a level 2 spell: Passwall
  1110 | D:2      | Identified the +4 pair of boots "Kugiq" {+Inv rF- Int+5
                  | Slay+3}
  1361 | D:2      | Found Esmoerr's Magic Scroll Emporium.
  1369 | D:2      | Bought a scroll of teleportation for 36 gold pieces
  1369 | D:2      | Bought a scroll of identify for 24 gold pieces
  1371 | D:2      | Identified the +7 short sword of Balance {vorpal, rF+++
                  | rCorr Str-5 Int+4}
  1458 | D:2      | Reached XP level 3. HP: 26/26 MP: 1/7
  1816 | D:3      | Found a hazy altar of Hepliaklqana.
  1826 | D:3      | Became a worshipper of Hepliaklqana the Forgotten
  2459 | D:3      | Found an iron altar of Okawaru.
  2459 | D:3      | Found an opulent altar of Gozag.
  2491 | D:4      | Noticed a black bear
  2506 | D:4      | Reached skill level 3 in Spellcasting
  2627 | D:4      | Killed a black bear
  2628 | D:4      | Reached XP level 4. HP: 33/33 MP: 4/9
  2628 | D:4      | Reached XP level 5. HP: 38/38 MP: 4/10
  2710 | D:4      | Identified the +5 chain mail of the Onion {rN+}
  2765 | D:4      | Reached skill level 4 in Spellcasting
  2829 | D:4      | Learned a level 3 spell: Stone Arrow
  2969 | D:4      | Noticed a phantom
  2972 | D:4      | Killed a phantom
  2973 | D:4      | Reached skill level 5 in Earth Magic
  2973 | D:4      | Reached XP level 6. HP: 45/45 MP: 8/12
  3122 | D:4      | Reached * piety under Hepliaklqana
  3133 | D:4      | Found a shimmering altar of Xom.
  3133 | D:4      | Found a shadowy altar of Dithmenos.
  3166 | D:4      | Found a runed translucent gate.
  3167 | D:4      | Found a runed translucent gate.
  3167 | D:4      | Noticed Thoth777's ghost (amateur TrBe)
  3168 | D:4      | Found a runed translucent gate.
  3560 | D:5      | Entered Level 5 of the Dungeon
  3605 | D:5      | Reached skill level 5 in Spellcasting
  3605 | D:5      | Your scales start taking on a pale cyan-grey colour.
  3605 | D:5      | Reached XP level 7. HP: 45/45 MP: 10/14
  3605 | D:5      | Gained mutation: You are immune to the effects of steam.
                  | [Pale Draconian growth]
  3664 | D:5      | Noticed Ijyb
  3671 | D:5      | Killed Ijyb
  3723 | D:5      | Found a staircase to the Ecumenical Temple.
  3729 | Temple   | Entered the Ecumenical Temple
  3980 | D:5      | Reached skill level 1 in Fighting
  4094 | D:5      | Noticed Edmund
  4097 | D:5      | Killed Edmund
  4341 | D:6      | Reached skill level 6 in Spellcasting
  4341 | D:6      | Reached XP level 8. HP: 54/54 MP: 14/17
  4364 | D:6      | Reached ** piety under Hepliaklqana
  4365 | D:6      | Remembered your ancestor Sagil-Zimu as a knight
  4738 | D:6      | Found a radiant altar of Vehumet.
  4879 | D:6      | Learned a level 1 spell: Summon Small Mammal
  5361 | D:7      | Reached *** piety under Hepliaklqana
  5499 | D:7      | Reached skill level 7 in Spellcasting
  5540 | D:7      | Noticed Menkaure
  5543 | D:7      | Killed Menkaure
  5544 | D:7      | Reached XP level 9. HP: 63/63 MP: 19/19
  6012 | D:7      | Found a glowing silver altar of Zin.
  6472 | D:8      | Noticed a two-headed ogre
  6476 | D:8      | Killed a two-headed ogre
  6477 | D:8      | Reached skill level 8 in Spellcasting
  6508 | D:8      | Found a shimmering blue altar of Sif Muna.
  6536 | D:8      | Reached **** piety under Hepliaklqana
  6540 | D:8      | Reached skill level 9 in Spellcasting
  7123 | D:9      | Reached XP level 10. HP: 72/72 MP: 23/23
  7204 | D:9      | Reached skill level 5 in Fighting
  7208 | D:9      | Reached skill level 10 in Spellcasting
  7234 | D:9      | Noticed a two-headed ogre
  7239 | D:9      | Killed a two-headed ogre
  7274 | D:9      | Reached skill level 11 in Spellcasting
  7914 | D:10     | Entered Level 10 of the Dungeon
  7952 | D:10     | Found a portal to a secret trove of treasure.
  8196 | D:10     | Slain by a vampire

Illustrated notes

Levels and vault maps discovered:
D:1:      sevenhm_arrival_forest_fort_large_3, layout_loops_ring,
          hellmonk_ecumenical_altar_inner_sanctum, moated_statue
D:2:      layout_basic, serial_glass, glass_columns_a, glass_columns_c,
          minmay_strange_pillars, serial_shops, nicolae_shop_crystal,
          hex_intersection
D:3:      layout_rooms, lemuel_crystal_altar,
          gammafunk_temple_overflow_elements, minivault_25
D:4:      minmay_opposing_rooms, layout_basic, gammafunk_temple_overflow_pools,
          gammafunk_ghost_nasty_kobolds
D:5:      layout_rooms, minmay_temple_entry_enclosed_plants,
          dreamdust_mushroom_princess, moated_statue, minmay_misc_feat_doors,
          minmay_strange_pillars, uniq_ijyb, uniq_edmund
D:6:      layout_gridville, marbit_many_paths
D:7:      layout_layer_cave, kennysheep_mini, st_stairs_2, uniq_menkaure
D:8:      layout_basic, mainiacjoe_overflow_cross_hatched,
          serial_park_tiny_pond, minmay_crystal_room, kennysheep_generic_room_3
D:9:      layout_basic
D:10:     layout_loops_ring, mainiacjoe_overflow_alcove_4,
          lemuel_zombie_altar_yredelemnul, nicolae_ru_great_annihilating_truth,
          lair_entry_dummy, nicolae_trove_entry_path_of_doom, uniq_nergalle,
          uniq_joseph, uniq_maggie, uniq_psyche, uniq_josephine
Temple:   nicolae_temple_ecumenical_triangle

Skill      XL: |  1  2  3  4  5  6  7  8  9 10 |
---------------+-------------------------------+-----
Stealth        | 2 3 |  3.2
Spellcasting   | 3 4 5 6 7 9 11 | 11.9
Earth Magic    | 4 5 7 8 9 |  9.0
Fighting       | 2 3 4 5 |  5.8
Dodging        | 2 |  2.0
Short Blades   | |  0.1
Conjurations   | |  0.6
Transmutations | |  1.0

Action                   |  1- 3 |  4- 6 |  7- 9 | 10-12 || total
-------------------------+-------+-------+-------+-------++-------
Melee: Unarmed           |     6 |       |       |       ||     6
       Tailslap          |     1 |       |       |       ||     1
       Staff             |     1 |       |       |       ||     1
       Short sword       |     1 |       |     1 |     4 ||     6
 Cast: Sandblast         |    51 |    26 |   104 |    42 ||   223
       Stone Arrow       |       |       |     4 |     4 ||     8
       Passwall          |       |       |       |     1 ||     1
Invok: Ancestor Life: Kn |       |       |     1 |       ||     1
 Abil: Breathe Steam     |       |       |     6 |     2 ||     8
  Use: Scroll            |     2 |     1 |     5 |       ||     8
       Potion            |       |       |       |     1 ||     1
Armor: Skin              |    20 |     1 |     6 |     9 ||    36
Dodge: Dodged            |    24 |     6 |    10 |    10 ||    50
